 Dungeon Crawl Stone Soup version 0.30.1-9-gdf580d7c3d (webtiles) character file.

Game seed: 2836855799355784585

131 bearlyready the Cudgeller (level 5, 0/33 (43) HPs)
             Began as a Gnoll Reaver on Oct 14, 2023.
             Slain by a scorpion (6 damage)
             ... on level 4 of the Dungeon.
             The game lasted 00:03:11 (2007 turns).

bearlyready the Cudgeller (Gnoll Reaver)            Turns: 2007, Time: 00:03:12

HP:   0/33 (43)     AC:  5    Str: 12    XL:     5   Next: 14%
MP:   12/12         EV: 13    Int: 14    God:
Gold: 136           SH:  0    Dex: 10    Spells: 11/14 levels left

rFire   . . .        a - +0 mace
rCold   . . .        (no shield)
rNeg    . . .        v - +2 robe {Will+}
rPois   .            (no helmet)
rElec   .            x - +0 cloak
rCorr   .            (no gloves)
SInv    .            (no boots)
Will    +....        h - amulet of the acrobat
Stlth   ++           (no ring)
HPRegen 0.25/turn    (no ring)
MPRegen 0.13/turn

%: acrobat
@: lethally poisoned (0 -> -10), heavily drained
A: fangs 1, strong nose, distributed training
a: no special abilities


You were on level 4 of the Dungeon.
You visited 1 branch of the dungeon, and saw 4 of its levels.

You collected 136 gold pieces.

Inventory:

Hand Weapons
 a - a +0 mace (weapon)
 t - a +2 vampiric dagger
Missiles
 k - 2 poisoned darts
 o - 3 curare-tipped darts
Armour
 b - a +0 leather armour
 l - a +0 scale mail
 p - a +0 ring mail
 v - a +2 robe of willpower (worn)
 x - a +0 cloak (worn)
Jewellery
 h - an amulet of the acrobat (around neck)
 u - a +5 ring of evasion
Scrolls
 g - 3 scrolls of poison
 j - 3 scrolls of identify
 n - 2 scrolls of teleportation {unknown}
 q - a scroll of blinking {unknown}
 s - a scroll of enchant armour {unknown}
Potions
 c - 2 potions of degeneration {unknown}
 d - 2 potions of attraction {unknown}
 e - a potion of curing {unknown}
 f - a potion of ambrosia {unknown}
 i - a potion of magic {unknown}
 m - 2 potions of heal wounds {unknown}
 r - a potion of mutation {unknown}
 w - a potion of flight {unknown}


   Skills:
 + Level 4.7 Fighting
 + Level 1.4 Short Blades
 + Level 1.4 Long Blades
 + Level 1.4 Axes
 + Level 6.7 Maces & Flails
 + Level 1.4 Polearms
 + Level 1.4 Staves
 + Level 1.4 Ranged Weapons
 + Level 1.4 Throwing
 + Level 1.4 Armour
 + Level 4.7 Dodging
 + Level 1.4 Stealth
 + Level 1.4 Shields
 + Level 1.4 Unarmed Combat
 + Level 5.2 Spellcasting
 + Level 5.5 Conjurations
 + Level 1.1 Hexes
 + Level 1.1 Summonings
 + Level 1.1 Necromancy
 + Level 1.1 Translocations
 + Level 1.1 Transmutations
 + Level 1.1 Fire Magic
 + Level 1.1 Ice Magic
 + Level 1.1 Air Magic
 + Level 1.1 Earth Magic
 + Level 1.1 Poison Magic
 + Level 1.6 Invocations
 + Level 1.4 Evocations


You had 11 spell levels left.
You knew the following spells:

 Your Spells              Type           Power      Damage    Failure   Level
a - Kiss of Death         Conj/Necr      52%        2d9       4%          1
b - Momentum Strike       Conj/Tloc      26%        3d8       7%          2

Your spell library contained the following spells:

 Spells                   Type           Power      Damage    Failure   Level
 Hailstorm                Conj/Ice       13%        3d5       13%         3
 Call Canine Familiar     Summ           6%         N/A       32%         3
 Portal Projectile        Hex/Tloc       12%        N/A       32%         3
 Leda's Liquefaction      Hex/Erth       3%         N/A       71%         4


Dungeon Overview and Level Annotations

Branches:
Dungeon (4/15)
 Temple: D:4-7

Altars:
Fedhas


Innate Abilities, Weirdness & Mutations

You have very sharp teeth.
Your uncanny sense of smell can sniff out nearby items.
Your experience applies equally to all skills.


Message History

There is an entrance to a sewer on this level.
Hurry and find it before the portal rusts away!
Found 15 gold pieces.
There is a stone staircase leading up here.
As you read the scroll labelled FILIMM VEQE, it crumbles to dust.
It is a scroll of identify.
g - 3 scrolls of poison
Okay, then.
You hit the scorpion but do no damage.
The scorpion stings you but does no damage.
The scorpion barely misses you. The scorpion closely misses you.
The scorpion stings you.
You hit the scorpion. Your bite misses the scorpion.
The scorpion is lightly wounded.
The scorpion closely misses you.
You barely miss the scorpion.
The scorpion is lightly wounded.
The scorpion stings you!
You hit the scorpion.
The scorpion is moderately wounded.
The scorpion misses you.
You closely miss the scorpion.
The scorpion is moderately wounded.
The scorpion stings you. The scorpion misses you.
You closely miss the scorpion. Your bite misses the scorpion.
The scorpion is moderately wounded.
The scorpion barely misses you.
You hit the scorpion.
The scorpion is heavily wounded.
The scorpion stings you.
You closely miss the scorpion.
The scorpion is heavily wounded.
The scorpion stings you.
You are lethally poisoned!
The scorpion poisons you!
You closely miss the scorpion.
The scorpion is heavily wounded.
* * * LOW HITPOINT WARNING * * *
You feel very sick. The scorpion barely misses you. The scorpion stings you.
You die...

.... # #..
.. #..
..###..
∆.....# ##
#..###.##
#.s.<..#
#@.#........
######....$#
..#.## ## #


You could see a scorpion.

Vanquished Creatures
  Crazy Yiuf (D:3)
  5 adders
  2 dart slugs
  An orc (D:3)
  5 endoplasms
  3 giant cockroaches
  5 goblins
  3 hobgoblins (D:2)
  2 jackals (D:1)
  A quokka (D:3)
  7 ball pythons
  4 bats
  4 frilled lizards
  3 kobolds
  7 rats
53 creatures vanquished.

Notes
Turn   | Place    | Note
-------+----------+-------------------------------------------
     0 | D:1      | bearlyready the Gnoll Reaver began the quest for the Orb.
     0 | D:1      | Reached XP level 1. HP: 20/20 MP: 6/6
    98 | D:1      | Reached XP level 2. HP: 21/26 MP: 7/7
   889 | D:2      | Reached skill level 5 in Spellcasting
   889 | D:2      | Reached XP level 3. HP: 31/31 MP: 7/9
   892 | D:2      | Learned a level 2 spell: Momentum Strike
   951 | D:2      | Reached skill level 1 in Invocations
   990 | D:2      | Found a blossoming altar of Fedhas.
  1353 | D:2      | Reached skill level 1 in Short Blades
  1353 | D:2      | Reached skill level 1 in Long Blades
  1353 | D:2      | Reached skill level 1 in Axes
  1353 | D:2      | Reached skill level 1 in Polearms
  1353 | D:2      | Reached skill level 1 in Staves
  1353 | D:2      | Reached skill level 1 in Ranged Weapons
  1353 | D:2      | Reached skill level 1 in Throwing
  1353 | D:2      | Reached skill level 1 in Armour
  1353 | D:2      | Reached skill level 1 in Stealth
  1353 | D:2      | Reached skill level 1 in Shields
  1353 | D:2      | Reached skill level 1 in Unarmed Combat
  1353 | D:2      | Reached skill level 1 in Evocations
  1437 | D:3      | Reached XP level 4. HP: 25/38 MP: 11/11
  1558 | D:3      | Reached skill level 1 in Hexes
  1558 | D:3      | Reached skill level 1 in Summonings
  1558 | D:3      | Reached skill level 1 in Necromancy
  1558 | D:3      | Reached skill level 1 in Translocations
  1558 | D:3      | Reached skill level 1 in Transmutations
  1558 | D:3      | Reached skill level 1 in Fire Magic
  1558 | D:3      | Reached skill level 1 in Ice Magic
  1558 | D:3      | Reached skill level 1 in Air Magic
  1558 | D:3      | Reached skill level 1 in Earth Magic
  1558 | D:3      | Reached skill level 1 in Poison Magic
  1924 | D:3      | Found a runed translucent door.
  1925 | D:3      | Noticed Crazy Yiuf
  1930 | D:3      | Killed Crazy Yiuf
  1931 | D:3      | Reached XP level 5. HP: 31/33 MP: 9/12
  2007 | D:4      | Slain by a scorpion

Illustrated notes

Levels and vault maps discovered:
D:1:      denvon_arrival_waterhouse, layout_basic
D:2:      layout_rooms, basic_altar, serial_park_tiny_2
D:3:      layout_rooms, uniq_crazy_yiuf_cottage
D:4:      layout_cave_pools, nicolae_overflow_crystal_walls,
          minmay_temple_entry_mini_moons, gup_sewer_entry_pipe, uniq_menkaure

Skill      XL: |  1  2  3  4 |
---------------+-------------+-----
Spellcasting   | 5 |  5.2
Invocations    | 1 |  1.6
Short Blades   | 1 |  1.4
Long Blades    | 1 |  1.4
Axes           | 1 |  1.4
Polearms       | 1 |  1.4
Staves         | 1 |  1.4
Ranged Weapons | 1 |  1.4
Throwing       | 1 |  1.4
Armour         | 1 |  1.4
Stealth        | 1 |  1.4
Shields        | 1 |  1.4
Unarmed Combat | 1 |  1.4
Evocations     | 1 |  1.4
Hexes          | 1 |  1.1
Summonings     | 1 |  1.1
Necromancy     | 1 |  1.1
Translocations | 1 |  1.1
Transmutations | 1 |  1.1
Fire Magic     | 1 |  1.1
Ice Magic      | 1 |  1.1
Air Magic      | 1 |  1.1
Earth Magic    | 1 |  1.1
Poison Magic   | 1 |  1.1
Fighting       | |  4.7
Maces & Flails | |  6.7
Dodging        | |  4.7
Conjurations   | |  5.5

Action                     |  1- 3 |  4- 6 || total
---------------------------+-------+-------++-------
  Melee: Mace              |   101 |    62 ||   163
         Bite              |    11 |     6 ||    17
         Punch             |     1 |       ||     1
   Cast: Kiss of Death     |       |     2 ||     2
    Use: Scroll            |       |     1 ||     1
   Stab: Sleeping          |       |     1 ||     1
 Armour: Leather armour    |     8 |       ||     8
         Scale mail        |    11 |       ||    11
         Ring mail         |    12 |     6 ||    18
         Robe              |       |     6 ||     6
  Dodge: Dodged            |    70 |    51 ||   121
